 Dungeon Sprint DCSS version 0.15.2 (webtiles) character file.

4309 Mood the Bludgeoner (level 10, -7/123 HPs)
             Began as an Ogre Berserker on June 26, 2016.
             Was the Champion of Trog.
             Mangled by a spiny frog (13 damage)
             ... in the Dungeon (Sprint IX: "|||||||||||||||||||||||||||||").
             The game lasted 00:02:19 (949 turns).

Mood the Bludgeoner (Ogre Berserker)                 Turns: 949, Time: 00:02:19

HP  -7/123       AC  9     Str 27      XL: 10   Next: 32%
MP  19/19        EV 13     Int 12      God: Trog [******]
Gold 0           SH  0     Dex  9      Spells:  0 memorised,  9 levels left

rFire  . . .     SeeInvis .     p - +2 morningstar (protect)
rCold  . . .     Clarity  .     b - +0 animal skin
rNeg   . . .     rCorr    .     (shield restricted)
rPois  .         rRot     .     (helmet restricted)
rElec  .         Spirit   .     q - +0 cloak
SustAb .         Warding  .     (gloves unavailable)
rMut   .         NoTele   +     (boots unavailable)
Gourm  .                        (no amulet)
MR     +....                    s - +3 ring of intelligence
                                r - +3 ring of intelligence

@: exhausted, slowed, very slow, somewhat resistant to hostile enchantments,
very unstealthy
A: unfitting armour, tough skin 1
a: Burn Spellbooks, Berserk, Trog's Hand, Brothers in Arms, Renounce Religion


You were in the Dungeon.
You worshipped Trog.
Trog was exalted by your worship.
You were very hungry.

You visited 1 branch

Inventory:

Hand weapons
 a - a +0 mace
 p - a +2 morningstar of protection (weapon)
Missiles
 l - 5 javelins of returning (quivered)
 B - 2 tomahawks of returning
Armour
 b - a +0 animal skin (worn)
 q - a +0 cloak (worn)
Magical devices
 o - a wand of fire (6)
Comestibles
 c - a meat ration
 k - 2 rotting chunks of crocodile flesh
 v - a slice of pizza
 A - 2 rotting chunks of giant frog flesh
Scrolls
 i - 2 scrolls of blinking
 n - 3 scrolls of remove curse
 w - a scroll of identify
 x - a scroll of recharging
 y - a scroll of fog
 z - 2 scrolls of fear
Jewellery
 r - a +3 ring of intelligence (left hand)
 s - a +3 ring of intelligence (right hand)
Potions
 d - 6 potions of curing
 e - 4 potions of heal wounds
 f - a potion of haste
 g - 4 potions of magic
 h - 3 potions of berserk rage
 j - 3 potions of brilliance
 m - a potion of invisibility
 t - a potion of agility


   Skills:
 + Level 14.7 Fighting
 + Level 16.0 Maces & Flails
 * Level 11.1 Throwing
 + Level 11.0 Dodging
 * Level 6.2 Evocations


You had 9 spell levels left.
You didn't know any spells.

Dungeon Overview and Level Annotations

Branches:
Dungeon (1/1)

Altars:
Cheibriados
Dithmenos
Elyvilon
Fedhas
Kikubaaqudgha
Makhleb
Nemelex Xobeh
Okawaru
Qazlal
Sif Muna
Trog
Vehumet
Xom
Yredelemnul
Zin
The Shining One
Beogh
Jiyva
Lugonu


Innate Abilities, Weirdness & Mutations

You are too large for most types of armour.
You have tough skin (AC +1).


Message History

Your Dodging skill increases to level 11!
You are feeling very hungry.
You bludgeon the spiny frog!!
The spiny frog is heavily wounded.
The spiny frog stings you. The spiny frog barely misses you.
You barely miss the spiny frog.
The spiny frog is heavily wounded.
The spiny frog stings you!!
* * * LOW HITPOINT WARNING * * *
You barely miss the spiny frog.
The spiny frog is heavily wounded.
The spiny frog misses you.
You puncture the spiny frog!
The spiny frog is almost dead.
The spiny frog stings you!
* * * LOW HITPOINT WARNING * * *
You barely miss the spiny frog.
The spiny frog is almost dead.
The spiny frog stings you!
You die...

▓▓▓▓▓▓▓▓▓▓▓▓▓▓▓▓▓▓▓▓▓▓▓▓▓▓▓▓▓▓▓▓▓
_____________.'.?|)[.[..)%))...'.
▓▓▓▓▓▓▓▓▓▓▓▓▓▓▓▓▓▓▓▓▓▓▓▓▓▓▓▓▓▓▓▓▓
.................................
▓▓▓▓▓▓▓▓▓▓▓▓▓▓▓▓▓▓▓▓▓▓▓▓▓▓▓▓▓▓▓▓▓
......)%%......%@F.......
▓▓▓▓▓▓▓▓▓▓▓▓▓▓▓▓▓▓▓▓▓▓▓▓▓


You could see a spiny frog.

Vanquished Creatures
  2 torpor snails (D)
  3 spiny frogs (D)
  A kobold demonologist (D)
  A blink frog (D)
  3 giant leeches (D)
  2 yaks (D)
  A hungry ghost (D)
  A wolf (D)
  A vampire mosquito (D)
  A soldier ant (D)
  A water moccasin (D)
  4 porcupines (D)
  An ogre (D)
  A boring beetle (D)
  3 giant frogs (D)
  A jelly (D)
  An iron imp (D)
  2 iguanas (D)
  An adder (D)
  An orc (D)
  A bat (D)
  A bat skeleton (D)
  4 goblins (D)
  2 hobgoblins (D)
  2 kobolds (D)
  2 rats (D)
  A rat skeleton (D)
  A rat zombie (D)
46 creatures vanquished.

Vanquished Creatures (collateral kills)
  A crocodile (D)
  A boring beetle (D)
2 creatures vanquished.

Grand Total: 48 creatures vanquished

Notes
Turn   | Place    | Note
--------------------------------------------------------------
     0 | D        | Mood, the Ogre Berserker, began the quest for the Orb.
     0 | D        | Reached XP level 1. HP: 24/24 MP: 1/1
    20 | D        | Acquired Trog's second power
   165 | D        | Reached skill level 1 in Throwing
   168 | D        | Reached XP level 2. HP: 33/33 MP: 2/2
   173 | D        | Acquired Trog's third power
   177 | D        | Received a gift from Trog
   236 | D        | Found a glowing silver altar of Zin.
   236 | D        | Found a glowing golden altar of the Shining One.
   236 | D        | Found an ancient bone altar of Kikubaaqudgha.
   236 | D        | Found a basalt altar of Yredelemnul.
   236 | D        | Found a shimmering altar of Xom.
   236 | D        | Found a radiant altar of Vehumet.
   236 | D        | Found an iron altar of Okawaru.
   237 | D        | Found a burning altar of Makhleb.
   238 | D        | Found a deep blue altar of Sif Muna.
   239 | D        | Found a bloodstained altar of Trog.
   240 | D        | Found a sparkling altar of Nemelex Xobeh.
   241 | D        | Found a white marble altar of Elyvilon.
   242 | D        | Found a roughly hewn altar of Beogh.
   243 | D        | Found a viscous altar of Jiyva.
   244 | D        | Found a corrupted altar of Lugonu.
   245 | D        | Found a blossoming altar of Fedhas.
   246 | D        | Found a snail-covered altar of Cheibriados.
   247 | D        | Found a shadowy altar of Dithmenos.
   248 | D        | Found a stormy altar of Qazlal.
   284 | D        | Noticed a jelly
   284 | D        | Noticed an ogre
   284 | D        | Noticed a yak
   285 | D        | Killed a jelly
   285 | D        | Reached skill level 6 in Fighting
   285 | D        | Reached skill level 5 in Maces & Flails
   285 | D        | Reached XP level 3. HP: 40/44 MP: 3/3
   288 | D        | Killed an ogre
   288 | D        | Reached skill level 7 in Fighting
   288 | D        | Reached skill level 5 in Dodging
   288 | D        | Reached XP level 4. HP: 55/55 MP: 4/4
   288 | D        | Reached XP level 5. HP: 62/62 MP: 5/5
   293 | D        | Killed a yak
   293 | D        | Reached skill level 9 in Fighting
   293 | D        | Reached skill level 5 in Throwing
   293 | D        | Reached XP level 6. HP: 75/75 MP: 6/6
   392 | D        | Noticed a hungry ghost
   392 | D        | Noticed a yak
   392 | D        | Noticed a soldier ant
   392 | D        | Noticed a kobold demonologist
   400 | D        | Killed a hungry ghost
   400 | D        | Reached skill level 10 in Fighting
   400 | D        | Reached skill level 10 in Maces & Flails
   405 | D        | Killed a yak
   405 | D        | Reached XP level 7. HP: 87/87 MP: 7/7
   408 | D        | Killed a soldier ant
   408 | D        | Reached skill level 11 in Fighting
   415 | D        | Noticed a hellwing
   416 | D        | Killed a kobold demonologist
   416 | D        | Received a gift from Trog
   416 | D        | Reached skill level 12 in Maces & Flails
   416 | D        | Reached XP level 8. HP: 98/98 MP: 8/8
   561 | D        | Noticed a wolf
   561 | D        | Noticed a porcupine
   561 | D        | Noticed a water moccasin
   561 | D        | Noticed a porcupine
   561 | D        | Noticed a giant frog
   561 | D        | Noticed a giant frog
   561 | D        | Noticed a giant frog
   564 | D        | Killed a wolf
   564 | D        | Reached skill level 1 in Evocations
   565 | D        | Noticed an iguana
   566 | D        | Killed a porcupine
   569 | D        | Killed a water moccasin
   570 | D        | Noticed a porcupine
   570 | D        | Killed a porcupine
   573 | D        | Killed a giant frog
   576 | D        | Killed a giant frog
   576 | D        | Received a gift from Trog
   576 | D        | Reached skill level 13 in Maces & Flails
   579 | D        | Killed a giant frog
   581 | D        | Killed an iguana
   583 | D        | Killed a porcupine
   583 | D        | Reached XP level 9. HP: 109/109 MP: 9/13
   637 | D        | Noticed a spiny frog
   637 | D        | Noticed an iguana
   637 | D        | Noticed a torpor snail
   637 | D        | Noticed a torpor snail
   637 | D        | Noticed a porcupine
   637 | D        | Noticed a boring beetle
   640 | D        | Killed a spiny frog
   640 | D        | Reached skill level 10 in Dodging
   641 | D        | Killed an iguana
   642 | D        | Noticed a boring beetle
   648 | D        | Killed a torpor snail
   648 | D        | Reached skill level 14 in Maces & Flails
   652 | D        | Killed a torpor snail
   652 | D        | Reached skill level 10 in Throwing
   653 | D        | Killed a porcupine
   653 | D        | Received a gift from Trog
   654 | D        | Noticed a crocodile
   656 | D        | Reached skill level 5 in Evocations
   663 | D        | Killed a boring beetle
   669 | D        | Killed a boring beetle
   670 | D        | Killed a crocodile
   909 | D        | Noticed a spiny frog
   909 | D        | Noticed a blink frog
   909 | D        | Noticed a giant leech
   909 | D        | Noticed a vampire mosquito
   909 | D        | Noticed a giant leech
   909 | D        | Noticed a spiny frog
   909 | D        | Noticed a giant leech
   915 | D        | Killed a spiny frog
   915 | D        | Reached skill level 15 in Maces & Flails
   923 | D        | Killed a giant leech
   923 | D        | Reached XP level 10. HP: 122/122 MP: 16/18
   925 | D        | Killed a vampire mosquito
   926 | D        | Noticed a spiny frog
   930 | D        | Killed a giant leech
   932 | D        | Killed a blink frog
   932 | D        | Received a gift from Trog
   934 | D        | Killed a spiny frog
   944 | D        | Killed a giant leech
   944 | D        | Reached skill level 16 in Maces & Flails
   948 | D        | HP: 6/123 [spiny frog (15)]
   949 | D        | Mangled by a spiny frog

Action                   |  1- 3 |  4- 6 |  7- 9 | 10-12 || total
-------------------------+-------+-------+-------+-------++-------
Melee: Mace              |    30 |       |       |       ||    30
       Morningstar       |     2 |    16 |    67 |    25 ||   110
Invok: Berserk           |     2 |     1 |     3 |       ||     6
       Brothers in Arms  |       |       |     1 |       ||     1
Evoke: Wand              |     1 |       |       |       ||     1
  Eat: Chunk             |       |     1 |     6 |       ||     7
